[Event "fics rated crazyhouse match"]
[Site "fics, Oklahoma City, OK USA"]
[Date "2000.01.30"]
[White "LINDEGREN"]
[WhiteElo "2308"]
[Black "Gobi"]
[BlackElo "2356"]
[TimeControl "120+0"]
[Result "0-1"]

1. e4 Nc6 2. Nf3 Nf6 3. Nc3 e5 4. Bc4 Be7 5. d3 O-O 6. O-O 
d6 7. h3 Na5 8. Nd5 Nxc4 9. Nxe7+ Qxe7 10. dxc4 N@f4 11. B@d3 Nxh3+ 
12. gxh3 Bxh3 13. N@g5 Bxf1 14. Qxf1 P@g4 15. Nh4 R@h5 16. Nf5 B@h2+ 17. Kh1 
Bf4+ 18. B@h3 Qd7 19. Bxf4 exf4 20. N@e7+ Kh8 21. B@h6 gxh6 22. Nxh6 Rxh6 
23. P@g7+ Kxg7 24. Nf5+ Kg6 25. e5 Kxg5 26. Nxh6 gxh3 27. R@h2 B@f3+ 28. Kg1 
P@g2 29. Rxg2+ hxg2 30. P@h4+ Kxh6 31. Qxg2 Bxg2 32. P@g5+ Kh5 33. Be2+ Kxh4 
34. Kxg2 Q@h3# 
{LINDEGREN forfeits on time} 0-1

[Event "fics rated crazyhouse match"]
[Site "fics, Oklahoma City, OK USA"]
[Date "2000.01.31"]
[White "LSS"]
[WhiteElo "2366"]
[Black "Korchnoj"]
[BlackElo "2050"]
[TimeControl "180+0"]
[Result "1-0"]

1. e4 d6 2. Nc3 e6 3. Nf3 Be7 4. d4 Nf6 5. Bd3 O-O 6. e5 
Ng4 7. O-O Nc6 8. Qe1 dxe5 9. dxe5 Ngxe5 10. Nxe5 Nxe5 11. Qxe5 Bf6 
12. Qg3 e5 13. N@h5 P@h4 14. Nxf6+ Qxf6 15. N@h5 hxg3 16. Nxf6+ Kh8 17. P@e7 
gxh2+ 18. Kh1 Bh3 19. exf8=Q+ Rxf8 20. Q@e4 P@f5 21. R@h4 Q@g6 22. Nxh7 fxe4 
23. Nxf8+ P@h7 24. Nxg6+ fxg6 25. R@f8+ N@g8 26. Rxg8+ Kxg8 27. Q@e8+ R@f8 28. P@f7# 
{Korchnoj resigns} 1-0

[Event "fics rated crazyhouse match"]
[Site "fics, Oklahoma City, OK USA"]
[Date "2000.01.31"]
[White "pminear"]
[WhiteElo "2376"]
[Black "Tecumseh"]
[BlackElo "2228"]
[TimeControl "180+0"]
[Result "1-0"]

1. e4 Nc6 2. Nc3 Nf6 3. d4 d5 4. exd5 Nxd5 5. Nf3 Bg4 6. Nxd5 
Qxd5 7. Be2 P@h3 8. N@e3 hxg2 9. Rg1 Qh5 10. Nxg4 Qxg4 11. Ne5 Qe4 
12. B@f3 
{Tecumseh resigns} 1-0

[Event "fics rated crazyhouse match"]
[Site "fics, Oklahoma City, OK USA"]
[Date "2000.01.31"]
[White "Tecumseh"]
[WhiteElo "2223"]
[Black "pminear"]
[BlackElo "2381"]
[TimeControl "180+0"]
[Result "0-1"]

1. e4 e5 2. Nf3 Nc6 3. Bc4 Bc5 4. c3 Nf6 5. d4 exd4 6. cxd4 
Bxd4 7. Nxd4 Nxd4 8. Bxf7+ Kxf7 9. B@b3+ Nxb3 10. Qxb3+ P@e6 11. N@e5+ Ke7 
12. P@g5 Nxe4 13. P@f6+ gxf6 14. gxf6+ Nxf6 15. Bg5 P@g7 16. Bxf6+ gxf6 17. N@f5+ 
exf5 18. P@d6+ Kxd6 19. Nf7+ Ke7 20. Nxd8 Kxd8 21. Qf7 B@b4+ 22. Nc3 Bxc3+ 
23. bxc3 P@d2+ 24. Kxd2 N@e4+ 25. Kc2 P@d3+ 26. Kxd3 N@e5+ 27. Ke2 B@d3+ 28. Ke3 
B@d2+ 29. Kd4 N@c6+ 30. Kd5 Bc4# 
{Tecumseh checkmated} 0-1

[Event "fics rated crazyhouse match"]
[Site "fics, Oklahoma City, OK USA"]
[Date "2000.01.31"]
[White "pminear"]
[WhiteElo "2386"]
[Black "Tecumseh"]
[BlackElo "2218"]
[TimeControl "180+0"]
[Result "0-1"]

1. e4 Nc6 2. Nc3 Nf6 3. d4 d5 4. exd5 Nxd5 5. Nf3 Bg4 6. Nxd5 
Qxd5 7. Be2 Rd8 8. N@e3 Bxf3 9. Nxd5 Bxd5 10. Rg1 N@h4 11. f3 Nf5 
12. P@e3 P@g3 13. hxg3 Nxg3 14. Q@h3 Nxe2 15. Qxe2 B@c8 16. Qh2 P@d6 17. P@c4 
Bxc4 18. Qxc4 N@f5 19. B@f2 e6 20. g4 Nfe7 21. Bh4 P@f6 22. g5 fxg5 
23. Bxg5 P@f6 24. Bxf6 gxf6 25. P@g7 Bxg7 26. Rxg7 N@f5 27. Rg1 P@h4 28. P@f2 
Na5 29. Qb5+ Nec6 30. B@e4 B@a6 31. Qa4 Bd7 32. Bxf5 exf5 33. N@g7+ Kf8 
34. Qxh4 B@g5 35. Rxg5 fxg5 36. Qxg5 R@h1+ 37. B@g1 Rxg1+ 38. Qxg1 B@f6 39. Nh5 
Nxd4 40. P@g7+ Bxg7 
{pminear forfeits on time} 0-1

[Event "fics rated crazyhouse match"]
[Site "fics, Oklahoma City, OK USA"]
[Date "2000.01.31"]
[White "Tecumseh"]
[WhiteElo "2230"]
[Black "pminear"]
[BlackElo "2374"]
[TimeControl "180+0"]
[Result "0-1"]

1. e4 e5 2. Nf3 Nc6 3. Bc4 Bc5 4. d4 Bxd4 5. Bxf7+ Kxf7 6. Ng5+ 
Kf8 7. Qf3+ P@f4 8. P@e3 Qxg5 9. exd4 Nxd4 10. B@c5+ d6 11. Bxd4 N@h4 
12. Bxf4 Nxf3+ 13. gxf3 Qxf4 14. Nd2 exd4 15. N@h5 
{Tecumseh resigns} 0-1

[Event "fics rated crazyhouse match"]
[Site "fics, Oklahoma City, OK USA"]
[Date "2000.01.31"]
[White "pminear"]
[WhiteElo "2379"]
[Black "Tecumseh"]
[BlackElo "2225"]
[TimeControl "180+0"]
[Result "1-0"]

1. e4 Nc6 2. Nc3 Nf6 3. d4 d5 4. exd5 Nxd5 5. Nf3 Bg4 6. Be2 
e6 7. O-O h5 8. Nxd5 Qxd5 9. c4 Qd8 10. N@e5 P@d7 11. P@b5 Nxe5 
12. Nxe5 d6 13. Bxg4 dxe5 14. Bxh5 Rxh5 15. Qxh5 B@g6 16. Qf3 N@h4 17. Qxb7 
N@a5 18. P@d7+ Ke7 19. N@g8+ Kxd7 20. B@c6+ Nxc6 21. Qxc6# 
{Tecumseh resigns} 1-0

[Event "fics rated crazyhouse match"]
[Site "fics, Oklahoma City, OK USA"]
[Date "2000.01.31"]
[White "Tecumseh"]
[WhiteElo "2220"]
[Black "pminear"]
[BlackElo "2384"]
[TimeControl "180+0"]
[Result "0-1"]

1. e4 e5 2. Nf3 Nc6 3. Bb5 Bc5 4. O-O Nf6 5. Bxc6 dxc6 6. Nxe5 
O-O 7. d4 Bxd4 8. P@h6 gxh6 9. Bxh6 P@g7 10. Bxg7 Kxg7 11. P@d7 Bxd7 
12. Nxd7 Qxd7 13. N@f5+ Kg8 14. B@g5 P@g7 15. Bxf6 Bxf6 16. Qxd7 B@e6 17. N@h6+ 
gxh6 18. Nxh6+ Kh8 19. Qxe6 fxe6 20. P@e7 N@h3+ 21. gxh3 N@f3+ 22. Kh1 P@g2+ 
23. Kxg2 Nh4+ 24. Kg3 Q@f3# 
{Tecumseh checkmated} 0-1

[Event "fics rated crazyhouse match"]
[Site "fics, Oklahoma City, OK USA"]
[Date "2000.01.31"]
[White "pminear"]
[WhiteElo "2388"]
[Black "Tecumseh"]
[BlackElo "2215"]
[TimeControl "180+0"]
[Result "1-0"]

1. e4 Nf6 2. Nc3 d5 3. exd5 Nxd5 4. Nf3 Nc6 5. Bb5 Bg4 6. Bxc6+ 
bxc6 7. N@e5 B@h5 8. Nxg4 Bxg4 9. Nxd5 Qxd5 10. N@e3 Bxf3 11. gxf3 P@g2 
12. Rg1 Qd6 13. B@g3 N@f4 14. Bxf4 Qxf4 15. B@g3 Qxg3 16. fxg3 B@h3 17. Nxg2 
Rd8 18. Nf4 B@c8 19. P@g2 Bhf5 20. P@e4 Bg6 21. N@e5 N@d4 22. d3 N@b4 
23. Q@f2 Ndxc2+ 24. Qdxc2 Nxc2+ 25. Qxc2 P@b7 26. Nfxg6 hxg6 27. Nxf7 Q@d4 28. B@e3 
Qxd3 29. Nxh8 P@f7 30. R@d2 Qxc2 31. Rxd8+ Kxd8 32. Nxf7+ Ke8 33. R@d8+ Kxf7 
34. N@g5+ Kf6 35. N@h7+ Ke5 36. f4# 
{Tecumseh checkmated} 1-0

[Event "fics rated crazyhouse match"]
[Site "fics, Oklahoma City, OK USA"]
[Date "2000.01.31"]
[White "Tecumseh"]
[WhiteElo "2211"]
[Black "pminear"]
[BlackElo "2392"]
[TimeControl "180+0"]
[Result "1-0"]

1. e4 e5 2. Nf3 Nc6 3. Bc4 Bc5 4. d3 Nf6 5. O-O d5 6. exd5 
Nxd5 7. Bxd5 Qxd5 8. Nc3 Qd8 9. Qe1 P@h3 10. Nxe5 Nxe5 11. Qxe5+ Qe7 
12. Qxg7 B@f6 13. Qxh8+ Bxh8 14. R@g8+ Kd7 15. N@e4 Bxc3 16. Nxc5+ Qxc5 17. B@e8+ 
Ke7 18. bxc3 N@e2+ 19. Kh1 N@g3+ 20. hxg3 hxg2+ 21. Kxg2 Qd5+ 22. B@e4 P@h3+ 
23. Kf3 Qxe4+ 24. dxe4 N@e5+ 25. Kxe2 Bg4+ 26. f3 Q@g2+ 27. Ke3 B@c5+ 28. P@d4 
Bxd4+ 29. Kxd4 Nc6+ 30. Kc4 
{pminear forfeits on time} 1-0

[Event "fics rated crazyhouse match"]
[Site "fics, Oklahoma City, OK USA"]
[Date "2000.01.31"]
[White "pminear"]
[WhiteElo "2380"]
[Black "Tecumseh"]
[BlackElo "2223"]
[TimeControl "180+0"]
[Result "1-0"]

1. e4 Nc6 2. Nc3 Nf6 3. d4 d5 4. exd5 Nxd5 5. Nf3 Bg4 6. Be2 
e6 7. Nxd5 exd5 8. N@e5 Bh5 9. Nxc6 bxc6 10. Ne5 Bxe2 11. Qxe2 B@b5 
12. B@d3 P@e4 13. Bxb5 
{Tecumseh resigns} 1-0

[Event "fics rated crazyhouse match"]
[Site "fics, Oklahoma City, OK USA"]
[Date "2000.01.31"]
[White "Tecumseh"]
[WhiteElo "2218"]
[Black "pminear"]
[BlackElo "2385"]
[TimeControl "180+0"]
[Result "0-1"]

1. e4 e5 2. Nf3 Nc6 3. Bc4 Bc5 4. d3 Nf6 5. Bg5 d6 6. Nc3 
Bg4 7. h3 Bxf3 8. Qxf3 Nd4 9. Qd1 c6 10. B@h4 h6 11. Bxf6 gxf6 
12. N@h5 B@e7 13. O-O Rg8 14. Bg3 N@g5 15. Ne2 Nxe2+ 16. Qxe2 N@d4 17. Qg4 
Ngf3+ 18. gxf3 Rxg4 19. fxg4 Ne2+ 20. Kh1 Q@f3+ 21. N@g2 Nxg3+ 22. fxg3 Qxg2+ 
23. Kxg2 N@e3+ 24. Kh2 Nxf1+ 25. Rxf1 R@e2+ 26. R@g2 Rxg2+ 27. Kxg2 R@e2+ 28. R@f2 
Bxf2 29. Bxf7+ Kd7 30. Be6+ Kc7 31. N@d5+ cxd5 32. N@b5+ Kb6 33. P@a5+ Ka6 
34. N@c7+ Kxa5 35. Q@a3+ P@a4 36. b4+ Kb6 37. Qxa4 Bc5# 
{Tecumseh forfeits on time} 0-1

[Event "fics rated crazyhouse match"]
[Site "fics, Oklahoma City, OK USA"]
[Date "2000.01.31"]
[White "pminear"]
[WhiteElo "2389"]
[Black "Tecumseh"]
[BlackElo "2214"]
[TimeControl "180+0"]
[Result "0-1"]

1. e4 Nf6 2. Nc3 d5 3. exd5 Nxd5 4. Nf3 Nc6 5. d4 Bg4 6. Be2 
e6 7. Nxd5 Qxd5 8. N@e3 Bxf3 9. Bxf3 Qa5+ 10. Bd2 P@b4 11. Bxc6+ bxc6 
12. Nc4 Qf5 13. Ne5 Rd8 14. P@d7+ Rxd7 15. Nxd7 N@e4 16. B@f3 Nxf2 17. Kxf2 
N@e4+ 18. Kf1 Nxd2+ 19. Qxd2 B@a6+ 20. Ke1 P@c3 21. R@b8+ Kxd7 22. bxc3 bxc3 
23. Qxc3 P@f2+ 24. Kd1 P@e2+ 25. Bxe2 Bxe2+ 26. Kc1 B@a3+ 27. P@b2 f1=Q+ 28. N@e1 
B@h6+ 29. P@d2 Qxh1 30. N@d1 Qxe1 31. N@f2 Qfxf2 32. Rd8+ Kxd8 33. P@e7+ Kxe7 
{pminear forfeits on time} 0-1

[Event "fics rated crazyhouse match"]
[Site "fics, Oklahoma City, OK USA"]
[Date "2000.01.31"]
[White "Tecumseh"]
[WhiteElo "2226"]
[Black "pminear"]
[BlackElo "2377"]
[TimeControl "180+0"]
[Result "0-1"]

1. e4 e5 2. Nf3 Nc6 3. Bc4 Bc5 4. d3 Nf6 5. Bg5 d6 6. Nc3 
Be6 7. Nd5 Bxd5 8. exd5 Nd4 9. Nxd4 Bxd4 10. O-O N@f4 11. Bxf4 exf4 
12. N@e6 fxe6 13. dxe6 d5 14. B@f7+ Kf8 15. N@f5 Bc5 16. P@h6 gxh6 17. Bxd5 
P@g7 18. Bxb7 Rb8 19. d4 Be7 20. P@e5 B@b5 21. exf6 Bxf6 22. P@e5 Bg5 
23. Nxg7 Rxb7 24. P@f6 Bxf6 25. exf6 Qxf6 26. B@e5 Qg5 27. e7+ Kxf7 28. N@d8+ 
Kxe7 29. Bxf4 N@h3+ 30. Kh1 Nxf4 31. P@f3 Qxg2# 
{Tecumseh checkmated} 0-1

[Event "fics rated crazyhouse match"]
[Site "fics, Oklahoma City, OK USA"]
[Date "2001.01.31"]
[White "MyPartner"]
[WhiteElo "2411"]
[Black "liveZ"]
[BlackElo "2322"]
[TimeControl "180+0"]
[Result "1-0"]

1. e4 e6 2. d4 Nc6 3. Be3 d5 4. e5 Nge7 5. Nh3 Nf5 6. Be2 
Bb4+ 7. Kf1 O-O 8. Bg5 Be7 9. Bxe7 Qxe7 10. B@c5 Qd8 11. Nc3 Bd7 
12. Nf4 Ncxd4 13. Bxd4 Nxd4 14. Qxd4 B@b6 15. N@c5 Bxc5 16. Qxc5 B@b6 17. N@e7+ 
Kh8 18. Qa3 P@c5 19. B@g5 d4 20. Ne4 N@f5 21. Nxf5 exf5 22. Bxd8 fxe4 
23. Bxc7 Bxc7 24. P@e7 Rg8 25. N@g5 B@e6 26. Nfxe6 Bxe6 27. Nxe6 fxe6 28. Qxc5 
Bb6 29. Qb5 e3 30. P@f7 exf2 31. fxg8=Q+ Rxg8 32. R@f8 N@e3+ 33. Kxf2 N@e4+ 
34. Kg1 P@f2+ 35. Rxf2 Nxf2 36. Q@f3 R@f7 37. P@f6 gxf6 38. P@g6 hxg6 39. Qxf2 
P@h3 40. Qh4+ P@h7 41. e8=Q hxg2 42. Qxg8+ Kxg8 43. N@h6+ Kf8 44. R@e8+ Kg7 
45. Rg8# 
{liveZ checkmated} 1-0

[Event "fics rated crazyhouse match"]
[Site "fics, Oklahoma City, OK USA"]
[Date "2001.01.31"]
[White "liveZ"]
[WhiteElo "2316"]
[Black "MyPartner"]
[BlackElo "2425"]
[TimeControl "180+0"]
[Result "0-1"]

1. e4 e6 2. d4 d6 3. Nf3 Nf6 4. Nc3 Nc6 5. Bc4 d5 6. exd5 
exd5 7. Bb5 P@b4 8. Ne2 Ng4 9. O-O Bd7 10. Bg5 Be7 11. Bxe7 Qxe7 
12. Nf4 B@e4 13. B@c5 Qf6 14. Bxc6 Qxc6 15. N@e5 Qf6 16. Nxd7 Qxf4 17. Nde5 
Nxe5 18. dxe5 N@h3+ 19. gxh3 Bxf3 20. P@e2 Bxe2 21. Qxe2 N@f3+ 22. Qxf3 Qxf3 
23. B@g2 N@e2+ 24. Kh1 Qxg2+ 25. Kxg2 P@f3+ 26. Kxf3 Q@e4# 
{liveZ checkmated} 0-1

[Event "fics rated crazyhouse match"]
[Site "fics, Oklahoma City, OK USA"]
[Date "2001.01.31"]
[White "Fudpucker"]
[WhiteElo "2271"]
[Black "BarryWhite"]
[BlackElo "2371"]
[TimeControl "120+0"]
[Result "1-0"]

1. e4 e6 2. d4 d5 3. exd5 exd5 4. Nf3 Nc6 5. Nc3 Nf6 6. Bg5 
Be7 7. Be2 h6 8. Bxf6 Bxf6 9. P@e5 Bg5 10. N@h5 B@f8 11. Nxg5 hxg5 
12. B@f6 gxf6 13. Nxf6+ Qxf6 14. exf6 P@g7 15. Nxd5 B@d8 16. P@e7 Nxe7 17. fxe7 
Bfxe7 18. N@h5 N@f5 19. P@g4 N@h4 20. gxf5 Nxg2+ 21. Kd2 Rxh5 22. Bxh5 N@c4+ 
23. Kc1 P@d2+ 24. Qxd2 Nxd2 25. Bxf7+ Kxf7 26. Q@g6+ Kg8 27. P@h7# 
{BarryWhite resigns} 1-0

[Event "fics rated crazyhouse match"]
[Site "fics, Oklahoma City, OK USA"]
[Date "2001.01.31"]
[White "BarryWhite"]
[WhiteElo "2361"]
[Black "Fudpucker"]
[BlackElo "2281"]
[TimeControl "120+0"]
[Result "1-0"]

1. e4 e6 2. d4 Nc6 3. Nf3 Nf6 4. Bd3 d6 5. O-O Be7 6. Nc3 
O-O 7. Be3 Ng4 8. Qe2 f5 9. d5 exd5 10. exd5 Nce5 11. Nxe5 dxe5 
12. N@e6 Bxe6 13. dxe6 Nxe3 14. B@f7+ Rxf7 15. exf7+ Kxf7 16. fxe3 B@g6 17. Bxf5 
Bxf5 18. Rxf5+ B@f6 19. N@g5+ Kg8 20. P@f7+ Kh8 21. R@g8+ Qxg8 22. fxg8=Q+ Kxg8 
23. P@f7+ Kh8 24. Q@g8+ Rxg8 25. fxg8=Q+ Kxg8 26. B@f7# 
{Fudpucker resigns} 1-0

[Event "fics rated crazyhouse match"]
[Site "fics, Oklahoma City, OK USA"]
[Date "2001.01.31"]
[White "Fudpucker"]
[WhiteElo "2275"]
[Black "BarryWhite"]
[BlackElo "2367"]
[TimeControl "120+0"]
[Result "0-1"]

1. e4 e6 2. d4 Nc6 3. Nf3 d5 4. exd5 exd5 5. Bb5 Nf6 6. Nc3 
Bb4 7. Ne5 Bd7 8. Nxd7 Nxd7 9. Bxc6 bxc6 10. B@b7 Qe7+ 11. P@e2 O-O 
12. Bxc6 B@e4 13. Bxd7 Bxg2 14. N@e5 Bxh1 15. Be3 Bxc3+ 16. bxc3 R@g1+ 17. B@f1 
N@e4 18. N@f4 P@g2 19. Bh3 gxf1=Q+ 20. Bxf1 P@g2 21. Nxg2 Bxg2 
{Fudpucker resigns} 0-1

[Event "fics rated crazyhouse match"]
[Site "fics, Oklahoma City, OK USA"]
[Date "2001.01.31"]
[White "BarryWhite"]
[WhiteElo "2373"]
[Black "Fudpucker"]
[BlackElo "2269"]
[TimeControl "120+0"]
[Result "1-0"]

1. e4 e6 2. d4 Nc6 3. Nf3 Nf6 4. Bd3 d6 5. O-O Be7 6. Nc3 
O-O 7. Be3 Ng4 8. Qe2 Nxe3 9. fxe3 f5 10. d5 fxe4 11. Bxe4 P@f5 
12. dxc6 fxe4 13. Nxe4 bxc6 14. N@h5 B@g6 15. Nxg7 Bxe4 16. Nh5 P@g7 17. Nd4 
Rxf1+ 18. Rxf1 N@h3+ 19. gxh3 R@h1+ 20. Kf2 Rxf1+ 21. Kxf1 R@h1+ 22. N@g1 B@g2+ 
23. Kf2 Qf8+ 24. P@f4 Rxh2 25. Ke1 P@g6 26. Nxg7 Qxg7 27. P@g5 Rh1 28. N@h6+ 
Kh8 29. R@e8+ N@f8 30. Rxf8+ Bxf8 31. N@f7+ Qxf7 32. Nxf7+ Kg7 33. Q@f6+ Kg8 
34. R@h8# 
{Fudpucker checkmated} 1-0

[Event "fics rated crazyhouse match"]
[Site "fics, Oklahoma City, OK USA"]
[Date "2001.01.31"]
[White "Fudpucker"]
[WhiteElo "2263"]
[Black "BarryWhite"]
[BlackElo "2379"]
[TimeControl "120+0"]
[Result "0-1"]

1. e4 e6 2. d4 Nc6 3. Nf3 d5 4. exd5 exd5 5. Bb5 Nf6 6. Bg5 
Bb4+ 7. c3 Be7 8. Ne5 Bd7 9. Bxc6 bxc6 10. Nxf7 Kxf7 11. N@e5+ Kf8 
12. P@h6 gxh6 13. Bxh6+ P@g7 14. Bxg7+ Kxg7 15. P@g5 P@g6 16. gxf6+ Bxf6 17. N@f7 
Qe7 18. Nxh8 Rxh8 19. R@f7+ Qxf7 20. Nxf7 Kxf7 21. P@e5 R@e4+ 22. P@e3 Bg5 
23. Qf3+ B@f5 24. Nd2 N@c2+ 25. Kf1 B@d3+ 26. Kg1 N@e2+ 27. Qxe2 Bxe2 28. Nxe4 
Bxe4 29. R@e7+ Kxe7 30. Q@g7+ R@f7 31. Qxf7+ Kxf7 32. R@f3+ B2xf3 33. gxf3 
{Fudpucker resigns} 0-1

[Event "fics rated crazyhouse match"]
[Site "fics, Oklahoma City, OK USA"]
[Date "2000.02.01"]
[White "Igy"]
[WhiteElo "2188"]
[Black "LSS"]
[BlackElo "2367"]
[TimeControl "180+0"]
[Result "0-1"]

1. e4 e6 2. Nc3 d5 3. exd5 exd5 4. Bb5+ P@c6 5. Be2 Be7 6. d3 
Be6 7. Nf3 Nd7 8. Bf4 Ngf6 9. Qd2 a6 10. h3 Nf8 11. P@h6 gxh6 
12. Bxh6 Rg8 13. P@g7 Ng6 14. Ng5 Qd7 15. Nxe6 Qxe6 16. Nd1 Nh4 17. Kf1 
Nf5 18. B@g4 Nxg4 19. hxg4 N@g3+ 20. fxg3 Nxg3+ 21. Kg1 Nxe2+ 22. Qxe2 Qxe2 
23. N@f3 B@b6+ 24. Kh2 P@g3+ 25. Kxg3 B@f2+ 26. Nxf2 Qxf2# 
{Igy resigns} 0-1

[Event "fics rated crazyhouse match"]
[Site "fics, Oklahoma City, OK USA"]
[Date "2000.02.01"]
[White "LSS"]
[WhiteElo "2371"]
[Black "Igy"]
[BlackElo "2184"]
[TimeControl "180+0"]
[Result "1-0"]

1. e4 e6 2. d4 d5 3. e5 c5 4. dxc5 Bxc5 5. Nf3 Nc6 6. Be2 
P@e4 7. P@d4 exf3 8. dxc5 fxe2 9. Qxe2 N@d4 10. Qd1 B@e2 11. Qd2 Nxc2+ 
12. Qxc2 P@d3 13. Qa4 Bd7 14. Qf4 Qa5+ 15. B@c3 Qxc5 16. N@c7+ Kf8 17. Nxa8 
P@d4 18. B3d2 Qc2 19. R@b8+ Nxb8 20. Bb4+ Ke8 21. Nc7+ Kd8 22. P@e7+ Kxc7 
23. Bd6+ Kb6 24. Qxd4+ Ka6 25. f3 Qd1+ 26. Kf2 Qxh1 27. Bxb8 N@d1+ 28. Kg3 
R@g6+ 29. P@g5 Qe1+ 30. N@f2 Qxf2+ 31. Qxf2 Nxf2 32. Q@a3+ R@a5 33. Kxf2 Rxa3 
34. N@b4+ Kb5 35. Nxa3+ Kxb4 36. Bd2+ Kc5 37. R@a5+ b5 38. b4+ Kb6 39. Rxb5# 
{Igy forfeits on time} 1-0

[Event "fics rated crazyhouse match"]
[Site "fics, Oklahoma City, OK USA"]
[Date "2000.02.01"]
[White "Igy"]
[WhiteElo "2180"]
[Black "LSS"]
[BlackElo "2375"]
[TimeControl "180+0"]
[Result "0-1"]

1. e4 e6 2. Nc3 d5 3. exd5 exd5 4. Bb5+ P@c6 5. Be2 Bd6 6. d3 
Be6 7. Nf3 Nd7 8. d4 Be7 9. Bf4 Ngf6 10. h3 a6 11. P@e5 Ne4 
12. Nxe4 dxe4 13. Nd2 Bf5 14. N@g3 N@h4 15. Nxf5 Nxg2+ 16. Kf1 Nxf4 17. Nxg7+ 
Kf8 18. Rg1 P@h2 19. B@h6 hxg1=Q+ 20. Kxg1 Nxh3+ 21. Kh2 B@f4+ 22. Bxf4 Nxf4 
23. Bf1 R@h6+ 24. P@h3 Rg8 25. Nf5 P@g2 
{Igy resigns} 0-1

[Event "fics rated crazyhouse match"]
[Site "fics, Oklahoma City, OK USA"]
[Date "2000.02.01"]
[White "LSS"]
[WhiteElo "2379"]
[Black "Igy"]
[BlackElo "2176"]
[TimeControl "180+0"]
[Result "1-0"]

1. e4 Nf6 2. e5 Nd5 3. Nc3 e6 4. Nxd5 exd5 5. d4 d6 6. Nf3 
Bg4 7. Be2 Nc6 8. exd6 cxd6 9. Ng5 Bxe2 10. Qxe2+ Be7 11. Nxf7 Nxd4 
12. Nxh8 Nxe2 13. B@b5+ B@c6 14. Bxc6+ bxc6 15. B@h5+ B@g6 16. P@f7+ Kd7 17. Bxe2 
Bxc2 18. O-O Qxh8 19. P@e6+ Kxe6 20. N@d4+ Kxf7 21. Nxc2 P@e6 22. B@h3 P@d7 
23. Nd4 N@d8 24. N@g5+ Bxg5 25. Bxg5 P@f6 26. Bf4 P@e7 27. B@c7 N@b7 28. Bxd8 
Nxd8 29. N@c7 Rc8 30. Ndxe6 dxe6 31. Nxe6 P@d7 32. Nxd8+ Rxd8 33. P@e6+ dxe6 
34. Bxe6+ Kxe6 35. Bg4+ P@f5 36. N@d4+ Kd7 37. Bxf5+ Kc7 38. Ne6+ Kb7 39. Nxd8+ 
Qxd8 40. R@d7+ Qxd7 41. Bxd7 Q@c7 42. P@a6+ Kxa6 43. Q@c8+ R@b7 44. Qxc7 Rxc7 
45. a4 Rxd7 46. P@b5+ Kb6 47. Q@a6+ Kc5 48. Qxc6+ Kd4 49. Qc3+ Ke4 50. Qe3+ 
Kf5 51. P@g4+ Kg6 52. P@h5+ Kf7 53. h6 
{Igy forfeits on time} 1-0

[Event "fics rated crazyhouse match"]
[Site "fics, Oklahoma City, OK USA"]
[Date "2000.02.01"]
[White "Lomboc"]
[WhiteElo "2243"]
[Black "Leech"]
[BlackElo "2204"]
[TimeControl "60+0"]
[Result "0-1"]

1. e4 e6 2. Nc3 d5 3. d4 Nf6 4. exd5 Nxd5 5. Nf3 Bb4 6. Bd2 
Bxc3 7. bxc3 N@e4 8. B@e3 Ndxc3 9. Bxc3 Nxc3 10. Qd3 B@b2 11. Rd1 P@e4 
12. Qd2 exf3 13. gxf3 P@g4 14. P@g2 gxf3 15. gxf3 Nc6 16. Bg2 Nxd1 17. Qxd1 
N@c3 18. O-O Nxd1 19. Rxd1 P@e2 20. Re1 R@d1 21. N@d3 Bc3 22. P@d2 Rxe1+ 
23. Nxe1 R@d1 24. N@d3 Bxd4 25. Bxd4 Nxd4 26. B@a4+ B@d7 27. Bxd7+ Bxd7 28. B@e3 
Nxc2 29. Bh3 Nxe1 30. Nxe1 Rxe1+ 31. Kg2 Q@g1# 
{Lomboc checkmated} 0-1

[Event "fics rated crazyhouse match"]
[Site "fics, Oklahoma City, OK USA"]
[Date "2000.02.01"]
[White "Leech"]
[WhiteElo "2213"]
[Black "Lomboc"]
[BlackElo "2234"]
[TimeControl "60+0"]
[Result "1-0"]

1. e4 e6 2. d4 d5 3. exd5 exd5 4. Nf3 Nf6 5. Nc3 Be7 6. Bb5+ 
c6 7. Be2 O-O 8. P@h6 gxh6 9. Bxh6 P@g7 10. Bxg7 Kxg7 11. P@g5 Ne4 
12. P@f6+ Bxf6 13. Nxe4 dxe4 14. gxf6+ Kxf6 15. B@h4+ Ke6 16. Bxd8 Rxd8 17. Q@e5+ 
Kd7 18. N@f6# 
{Lomboc checkmated} 1-0

[Event "fics rated crazyhouse match"]
[Site "fics, Oklahoma City, OK USA"]
[Date "2000.02.01"]
[White "Gobi"]
[WhiteElo "2363"]
[Black "Igy"]
[BlackElo "2168"]
[TimeControl "60+0"]
[Result "0-1"]

1. e4 e6 2. Nc3 Nc6 3. d4 Bb4 4. Be3 Nf6 5. Bd3 d5 6. e5 
Ne4 7. Ne2 Bxc3+ 8. bxc3 N@b2 9. Qb1 Nxd3+ 10. cxd3 Ng5 11. N@h5 Rg8 
12. O-O B@f3 13. gxf3 Nxf3+ 14. Kh1 Qh4 15. B@g3 Qxh5 16. Nf4 Qf5 17. B@g2 
P@g4 18. Qb2 g5 19. Nh5 Kd8 20. Nf6 Rh8 21. Qe2 N@h4 22. Bxh4 gxh4 
23. Nxg4 Qxg4 24. Bxf3 Qg7 25. P@f6 Qf8 26. N@e7 B@a3 27. Nxc6+ bxc6 28. N@a5 
N@h3 29. Nxc6+ Kd7 30. N@b8+ Ke8 
{Gobi forfeits on time} 0-1

[Event "fics rated crazyhouse match"]
[Site "fics, Oklahoma City, OK USA"]
[Date "2000.02.01"]
[White "Gnejs"]
[WhiteElo "2467"]
[Black "uvo"]
[BlackElo "2125"]
[TimeControl "180+0"]
[Result "0-1"]

1. Nf3 d6 2. e4 Bg4 3. d4 e6 4. Nc3 Nf6 5. Be2 Nc6 6. Be3 
Be7 7. O-O O-O 8. a3 a6 9. Qd2 Qe8 10. Rae1 Rd8 11. h3 Bxf3 
12. Bxf3 e5 13. d5 Nb8 14. Be2 Nbd7 15. Bd3 Nh5 16. B@g4 Nhf6 17. Bxd7 
Qxd7 18. N@f5 B@g6 19. Bg5 Bxf5 20. exf5 Nh5 21. B@g4 N@f6 22. Bxh5 Nxh5 
23. Ne4 B@f4 24. Bxf4 Nxf4 25. B@g4 N@f6 26. Nxf6+ Bxf6 27. N@e6 fxe6 28. fxe6 
Qe7 29. N@f5 Qe8 30. P@f7+ Rxf7 31. exf7+ Qxf7 32. Bxa6 bxa6 33. P@e6 Qg6 
34. e7 Re8 35. Qxf4 exf4 36. R@f8+ Rxf8 37. exf8=Q+ Kxf8 38. R@h8+ B@g8 39. N@d7+ 
Kf7 40. Nxf6 P@h2+ 41. Kh1 R@g1+ 42. Rxg1 hxg1=Q+ 43. Kxg1 P@h2+ 44. Kxh2 P@g3+ 
45. fxg3 fxg3+ 46. Nxg3 N@f3+ 47. Bxf3 Qxg3+ 48. Kxg3 P@f4+ 49. Kxf4 B@e5+ 50. Ke3 
Q@d4+ 51. Ke2 R@f2# 
{Gnejs checkmated} 0-1

[Event "fics rated crazyhouse match"]
[Site "fics, Oklahoma City, OK USA"]
[Date "2000.02.01"]
[White "uvo"]
[WhiteElo "2152"]
[Black "Gnejs"]
[BlackElo "2450"]
[TimeControl "180+0"]
[Result "1-0"]

1. e4 Nf6 2. Nc3 Nc6 3. d4 e5 4. dxe5 Nxe5 5. Bg5 Bb4 6. Nf3 
Nxf3+ 7. Qxf3 N@e5 8. Qg3 Ng6 9. Bxf6 Qxf6 10. N@d5 Bxc3+ 11. bxc3 P@d2+ 
12. Kxd2 B@f4+ 13. P@e3 Bxg3 14. Nxf6+ gxf6 15. hxg3 N@d6 16. N@g7+ Kd8 17. P@d3 
Ne5 18. B@d4 N@c4+ 19. dxc4 Ndxc4+ 20. Bxc4 Nxc4+ 21. Ke2 Q@d2+ 22. Kf1 P@e2+ 
23. Kg1 e1=Q+ 24. Kh2 Qxh1+ 25. Rxh1 R@h6+ 26. P@h3 B@d6 27. Nf5 Re8 28. Nxh6 
Qxf2 29. Nxf7+ Ke7 30. N@f5+ Qxf5 31. exf5 Bxg3+ 32. Kxg3 N@e4+ 33. Kf3 d5 
34. Bxf6+ Nxf6 35. Ng5 B@h5+ 36. P@g4 P@e4+ 37. Kg3 Bxf5 38. gxf5 P@f7 39. Q@c5+ 
P@d6 40. Qxc7+ Nd7 41. f6+ Kxf6 42. Nxh7+ Kg7 43. Q@f6+ Nxf6 44. N@f5+ Kxh7 
45. R@h6+ Kg8 46. P@h7+ Nxh7 47. Rxh5 N@e2+ 48. Kh2 P@g3+ 49. Nxg3 P@g6 50. Rxh7 
{Gnejs forfeits on time} 1-0

[Event "fics rated crazyhouse match"]
[Site "fics, Oklahoma City, OK USA"]
[Date "2000.02.01"]
[White "Gnejs"]
[WhiteElo "2434"]
[Black "uvo"]
[BlackElo "2178"]
[TimeControl "180+0"]
[Result "1-0"]

1. e4 d6 2. d4 Nf6 3. Nc3 Bg4 4. Be2 Bxe2 5. Qxe2 Nc6 6. d5 
Nd4 7. Qd3 e5 8. dxe6 Nxe6 9. B@f5 Nc5 10. Qe2 P@e6 11. Bh3 Be7 
12. Nf3 B@b4 13. P@d3 Qd7 14. O-O Bxc3 15. bxc3 O-O 16. Rb1 Rab8 17. Bd2 
Nh5 18. B@g3 Qe8 19. Nd4 Nxg3 20. fxg3 Bf6 21. Rxf6 gxf6 22. Rf1 B@g7 
23. N@h5 Nd7 24. Nxg7 Kxg7 25. B@h6+ Kg8 26. Bxf8 Qxf8 27. Nxe6 fxe6 28. Bxe6+ 
R@f7 29. Bxf7+ Qxf7 30. P@e6 Qxe6 31. B@d5 Qxd5 32. exd5 P@g7 33. R@e8+ Rxe8 
34. Qxe8+ N@f8 35. P@f7+ Kh8 36. R@g8# 
{uvo checkmated} 1-0